 Dungeon Crawl Stone Soup version 0.30.1-10-g1249ef9ec4 (webtiles) character file.

Game seed: 7080302333987835185

155 psuckher the Firebug (level 4, -3/51 HPs)
             Began as a Demigod Fire Elementalist on Sept 13, 2023.
             Slain by a gnoll
             ... wielding a +0 halberd
              (9 damage)
             ... on level 4 of the Dungeon on Oct 26, 2023.
             The game lasted 00:22:57 (2743 turns).

psuckher the Firebug (Demigod Fire Elementalist)    Turns: 2743, Time: 00:22:58

Health: -3/51      AC:  8    Str:  9    XL:     4   Next: 90%
Magic:  7/9        EV: 16    Int: 27    God:
Gold:   147        SH:  0    Dex: 18    Spells: 6/7 levels left

rFire   . . .        B - +0 spear (flame)
rCold   . . .        r - orb {*Rage}
rNeg    + . .        v - +3 ring mail of Scuffed Curiosity {rN+ Dex+4}
rPois   .            (no helmet)
rElec   .            (no cloak)
rCorr   .            (no gloves)
SInv    .            (no boots)
Will    .....        u - amulet of the acrobat Stlth
                     q - +5 ring of evasion
HPRegen 0.28/turn    m - +6 ring of intelligence
MPRegen 0.11/turn

%: random rage (20%), acrobat
@: berserking (expiring), very quick
A: high MP 1, forlorn, divine attributes
a: no special abilities


You were on level 4 of the Dungeon.
You visited 1 branch of the dungeon, and saw 4 of its levels.

You collected 147 gold pieces.

Inventory:

Hand Weapons
 e - a +0 antimagic dagger
 k - a +0 short sword
 n - a +0 short sword
 B - a +0 spear of flaming (weapon)
Missiles
 o - 25 stones
 A - 4 large rocks
Armour
 a - a +0 robe
 c - a +0 robe
 d - a +0 plate armour
 r - an orb of wrath (worn)
 v - the +3 ring mail of Scuffed Curiosity (worn) {rN+ Dex+4}
   (You found it on level 2 of the Dungeon)

   Dex:       It affects your dexterity (+4).
   rN:        It protects you from negative energy.
Jewellery
 j - a ring of positive energy
 m - a +6 ring of intelligence (right hand)
 q - a +5 ring of evasion (left hand)
 t - an amulet of faith
 u - an amulet of the acrobat (around neck)
 E - a +5 ring of evasion
 K - a ring of protection from cold
Wands
 C - a wand of flame (15)
 H - a wand of mindburst (18)
Scrolls
 g - a scroll of enchant weapon {unknown}
 i - a scroll of identify {unknown}
 l - a scroll of poison {unknown}
 p - a scroll of amnesia
 s - 2 scrolls of vulnerability {unknown}
 y - a scroll of teleportation {unknown}
 z - a scroll of fog {unknown}
 D - a scroll of noise {unknown}
 F - a scroll of enchant armour {unknown}
 I - a scroll of immolation {unknown}
Potions
 b - a potion of magic
 f - 2 potions of cancellation {unknown}
 h - a potion of ambrosia {unknown}
 w - 2 potions of heal wounds {unknown}
 x - a potion of lignification {unknown}
 G - 4 potions of mutation {unknown}
 J - a potion of attraction {unknown}


   Skills:
 + Level 0.9 Fighting
 + Level 1.2 Short Blades
 + Level 0.3 Polearms
 + Level 0.9 Armour
 + Level 2.6 Dodging
 + Level 2.7 Stealth
 + Level 0.2 Unarmed Combat
 + Level 2.0 Spellcasting
 + Level 1.2 Conjurations
 + Level 3.3 Fire Magic


You had 6 spell levels left.
You knew the following spells:

 Your Spells              Type           Power      Damage    Failure   Level
a - Foxfire               Conj/Fire      60%        2x1d7     11%         1

Your spell library contained the following spells:

 Spells                   Type           Power      Damage    Failure   Level
 Scorch                   Fire           40%        2d6       11%         2
 Inner Flame              Hex/Fire       11%        N/A       38%         3
 Volatile Blastmotes      Fire/Tloc      22%        2d11      38%         3
 Flame Wave               Conj/Fire      15%        2d7       71%         4


Dungeon Overview and Level Annotations

Branches:
Dungeon (4/15)
 Temple: D:4-7

Shops:
D:3 [


Innate Abilities, Weirdness & Mutations

You have an increased reservoir of magic. (+10% MP)
You shall have no god before yourself.
Your divine heritage dramatically boosts your attributes as you level up.


Message History

The gnoll hits you but does no damage.
Casting: Foxfire (safe; 11% risk of failure)
Confirm with . or Enter, or press ? or * to list all spells.
You conjure some foxfire!
The gnoll hits you from afar with a +0 spear.
The gnoll barely misses you. x2; The iguana closely misses you.
The gnoll hits you with a +0 whip.
A red film seems to cover your vision as you go berserk!
You feel yourself moving faster!
You feel mighty!
You barely miss the iguana.
The iguana is heavily wounded.
The foxfire hits the iguana but does no damage.
The iguana is heavily wounded.
The foxfire hits the iguana.
The iguana is heavily wounded.
The gnoll closely misses you. The iguana completely misses you.
The gnoll hits you with a +0 whip. The gnoll hits you but does no damage.
The gnoll closely misses you.
You hit the iguana. You burn the iguana.
You kill the iguana!
The gnoll completely misses you. x2
You hit the gnoll. You burn the gnoll.
The gnoll is moderately wounded.
The gnoll hits you from afar with a +0 spear.
* * * LOW HITPOINT WARNING * * *
The gnoll closely misses you. The gnoll hits you but does no damage.
You closely miss the gnoll.
The gnoll is moderately wounded.
You barely miss the gnoll.
The gnoll is moderately wounded.
The gnoll hits you with a +0 whip.
* * * LOW HITPOINT WARNING * * *
The gnoll barely misses you. The gnoll closely misses you.
The gnoll hits you from afar with a +0 spear.
* * * LOW HITPOINT WARNING * * *
Okay, then.
You closely miss the gnoll.
The gnoll is moderately wounded.
The gnoll misses you. The gnoll hits you but does no damage.
The gnoll hits you from afar with a +0 halberd!
You die...

.......... #.........
.......... ##.........
..(..... # #..... #.
#...# ###.##g@#
.....g..# ####.g.g#
####.#..# #
#.......### ##.#
...##.##...######...##
# ... ###...........#
#.## ####....#.### #
####....#


You could see 4 gnolls.

Vanquished Creatures
  A hound (D:4)
  An iguana (D:4)
  3 gnolls (D:3)
  2 adders (D:2)
  A worm (D:2)
  3 dart slugs
  An orc (D:3)
  5 endoplasms
  3 giant cockroaches
  3 goblins (D:1)
  A hobgoblin (D:1)
  4 kobolds
  2 quokkas (D:1)
  7 ball pythons
  2 bats
  A frilled lizard (D:1)
  8 rats
48 creatures vanquished.

Vanquished Creatures (others)
  71 foxfires
71 creatures vanquished.

Grand Total: 119 creatures vanquished

Notes
Turn   | Place    | Note
-------+----------+-------------------------------------------
     0 | D:1      | psuckher the Demigod Fire Elementalist began the quest for
                  | the Orb.
     0 | D:1      | Reached XP level 1. HP: 14/14 MP: 5/5
   328 | D:1      | Reached XP level 2. HP: 20/20 MP: 2/7
   461 | D:1      | Reached skill level 1 in Conjurations
   527 | D:1      | Reached skill level 3 in Fire Magic
  1109 | D:2      | Upgraded the game from 0.30.1-4-g462c640d31 to
                  | 0.30.1-10-g1249ef9ec4
  1153 | D:2      | Reached XP level 3. HP: 14/26 MP: 5/8
  1591 | D:2      | Identified the +3 ring mail of Scuffed Curiosity {rN+
                  | Dex+4}
  1910 | D:3      | Reached XP level 4. HP: 26/34 MP: 1/9
  2060 | D:3      | Reached skill level 1 in Short Blades
  2142 | D:3      | Found Lughus Wuf's Antique Armour Shoppe.
  2743 | D:4      | Slain by a gnoll

Illustrated notes

Levels and vault maps discovered:
D:1:      dpeg_arrival_concentric_ovals, layout_basic,
          chequers_ecumenical_altar_island
D:2:      layout_rooms, minivault_19
D:3:      layout_basic, serial_shops, shop
D:4:      layout_rooms, mainiacjoe_overflow_cross_hatched, serial_corexii_hall,
          chequers_hall_statues_wall_a, chequers_hall_statues_y,
          ebering_ghost_sewer_d, kennysheep_generic_room_9

Skill      XL: |  1  2  3  4 |
---------------+-------------+-----
Stealth        | 2 |  2.7
Dodging        | 2 |  2.6
Conjurations   | 1 |  1.2
Fire Magic     | 3 |  3.3
Short Blades   | 1 |  1.2
Spellcasting   | 2 |  2.0
Fighting       | |  0.9
Polearms       | |  0.3
Armour         | |  0.9
Unarmed Combat | |  0.2

Action                     |  1- 3 |  4- 6 || total
---------------------------+-------+-------++-------
  Melee: Unarmed           |    41 |       ||    41
         Short sword       |    40 |       ||    40
         Dagger            |    26 |       ||    26
         Spear             |       |    29 ||    29
   Cast: Foxfire           |    35 |     9 ||    44
    Use: Scroll            |     1 |       ||     1
   Stab: Sleeping          |     2 |       ||     2
 Armour: Robe              |     4 |       ||     4
         Plate armour      |     5 |       ||     5
         Ring mail         |       |    12 ||    12
  Dodge: Dodged            |    81 |    55 ||   136
